 Dungeon Crawl Stone Soup version 0.30-a0-778-g2ef04afb54 (webtiles) character file.

Game seed: 3115570516658703743

6344 mandoloar the Thaumaturge (level 10, -38/56 HPs)
             Began as a Deep Elf Conjurer on Feb 16, 2023.
             Was an Elder of Vehumet.
             Annihilated by a boulder beetle (44 damage)
             ... on level 8 of the Dungeon.
             The game lasted 00:33:37 (13932 turns).

mandoloar the Thaumaturge (Deep Elf Conjurer)      Turns: 13932, Time: 00:33:37

Health: -38/56     AC: 11    Str:  4    XL:     10   Next: 64%
Magic:  2/27       EV: 14    Int: 28    God:    Vehumet [****..]
Gold:   1296       SH:  0    Dex: 16    Spells: 20/31 levels left

rFire   . . .      SeeInvis .    a - +6 halberd of the Extremes {flame, rElec Dex+3}
rCold   . . .      Faith    .    (shield currently unavailable)
rNeg    . . .      Spirit   .    v - +1 steam dragon scales
rPois   .          Reflect  .    (no helmet)
rElec   +          Harm     .    (no cloak)
rCorr   .          Rampage  .    (no gloves)
Will    +....                    s - +0 pair of boots
Stlth   +++                      (no amulet)
HPRegen 0.29/turn                k - +4 ring of protection
MPRegen 0.20/turn                (no ring)

@: no status effects
A: no striking features
a: Renounce Religion


You were on level 8 of the Dungeon.
You worshipped Vehumet.
Vehumet was greatly pleased with you.
You visited 2 branches of the dungeon, and saw 9 of its levels.
You also visited: Bailey.

You collected 1296 gold pieces.

Inventory:

Hand Weapons
 a - the +6 halberd of the Extremes (weapon) {flame, rElec Dex+3}
   (You took it off a wight on level 8 of the Dungeon)

   Dex:       It affects your dexterity (+3).
   rElec:     It insulates you from electricity.
 b - a +3 short sword of venom
Missiles
 i - 2 poisoned darts
 y - 4 throwing nets
Armour
 s - a +0 pair of boots (worn)
 v - +1 steam dragon scales (worn)
Magical Staves
 f - a staff of death
Jewellery
 c - a ring of fire
 k - a +4 ring of protection (left hand)
 r - a ring of willpower
 z - the ring "Refevuh" {rPois rN+}
   (You took it off a gnoll sergeant in a bailey)

   [ring of poison resistance]

   rPois:     It protects you from poison.
   rN:        It protects you from negative energy.
Wands
 q - a wand of charming (3)
Scrolls
 e - a scroll of torment
 h - a scroll of enchant weapon
 w - a scroll of teleportation
 A - a scroll of identify
Potions
 g - a potion of might {unknown}
 j - 2 potions of mutation
 l - 2 potions of ambrosia
 m - 5 potions of heal wounds {unknown}
 n - a potion of resistance {unknown}
 o - a potion of attraction {unknown}
 p - a potion of lignification {unknown}
 t - a potion of flight {unknown}
 x - a potion of curing {unknown}


   Skills:
 + Level 3.3 Fighting
 + Level 5.6 Dodging
 + Level 6.1 Stealth
 + Level 11.2 Spellcasting
 + Level 10.1 Conjurations
 - Level 7.0 Hexes
 - Level 7.0 Translocations


You had 20 spell levels left.
You knew the following spells:

 Your Spells              Type           Power      Damage    Failure   Level
a - Magic Dart            Conj           100%       1d8       1%          1
b - Searing Ray           Conj           100%       2d8       1%          2
c - Fulminant Prism       Conj/Hex       29%        3d14      1%          4
d - Iskenderun's Mystic   Conj/Tloc      59%        2d12      1%          4

Your spell library contained the following spells:

 Spells                   Type           Power      Damage    Failure   Level
 Lightning Bolt           Conj/Air       21%        1d36      3%          5
 Scorch                   Fire           30%        2d7       1%          2
 Dazzling Flash           Conj/Hex       100%       N/A       1%          3
 Kindle Blastsparks       Fire/Tloc/Air  56%        2d14      1%          3
 Flame Wave               Conj/Fire      43%        2d11      1%          4
 Ignite Poison            Fire/Tmut/Pois 15%        N/A       3%          3
 Freezing Cloud           Conj/Ice/Air   17%        6-21      7%          5
 Conjure Ball Lightning   Conj/Air       21%        3x3d6     17%         6
 Eringya's Noxious Bog    Tmut/Pois      7%         N/A       77%         6
 Summon Cactus Giant      Summ           7%         N/A       99%         6
 Discord                  Hex            26%        N/A       100%        8
 Disjunction              Tloc           26%        N/A       100%        8


Dungeon Overview and Level Annotations

Branches:
Dungeon (8/15)             Temple (1/1) D:5          Bailey (visited)
   Lair: D:8-11

Altars:
Ashenzari
Cheibriados
Dithmenos
Fedhas
Gozag
Hepliaklqana
Kikubaaqudgha
Makhleb
Nemelex Xobeh
Okawaru
Qazlal
Ru
Sif Muna
Trog
Uskayaw
Vehumet
Wu Jian
Xom
Yredelemnul
Zin

Shops:
D:2 *


Message History

Casting: Iskenderun's Mystic Blast (safe; 1% risk of failure)
Confirm with . or Enter, or press ? or * to list all spells.
You erupt in a blast of force!
The mystic blast hits the boulder beetle.
The boulder beetle is severely wounded.
The boulder beetle is knocked back by the mystic blast.
The boulder beetle slams into the rock wall!
The boulder beetle curls into a ball and begins rolling!
Casting: Iskenderun's Mystic Blast (safe; 1% risk of failure)
Confirm with . or Enter, or press ? or * to list all spells.
You erupt in a blast of force!
The mystic blast hits the boulder beetle but does no damage.
The boulder beetle is almost dead.
The boulder beetle hits you.
The boulder beetle stops rolling and uncurls.
Casting: Iskenderun's Mystic Blast (safe; 1% risk of failure)
Confirm with . or Enter, or press ? or * to list all spells.
You erupt in a blast of force!
The mystic blast hits the boulder beetle but does no damage.
The boulder beetle is almost dead.
The boulder beetle bites you.
* * * LOW HITPOINT WARNING * * *
Casting: Iskenderun's Mystic Blast (safe; 1% risk of failure)
Confirm with . or Enter, or press ? or * to list all spells.
You erupt in a blast of force!
The mystic blast hits the boulder beetle but does no damage.
The boulder beetle is almost dead.
The boulder beetle closely misses you.
The boulder beetle looks more healthy.
As you read the scroll of fog, it crumbles to dust.
The scroll dissolves into smoke.
The boulder beetle bites you.
* * * LOW HITPOINT WARNING * * *
The boulder beetle attacks as you move away!
The boulder beetle bites you.
* * * LOW HITPOINT WARNING * * *
The boulder beetle curls into a ball and begins rolling!
The boulder beetle attacks as you move away!
The boulder beetle hits you!!!
Ouch! That really hurt!
You die...

#..... #+##...#.#......)##... .
.... #.##...#.#..(....#....
#..... ####.#.........(.........
...... .........................
#...########.##..##.#.##....#....
##..................(............
....########.#...##.#○.#.........
##..#### #.#...##§#.B#.........
#......#####.#..@##§#..#...#..##.
#......#.........B§§§...........
'......'.........§§§§......#..#..
#........##..##..##§#...#.....)..
#.....)..##................#..#o
#....)∩)..#..............#.#..#
#.....).......#..##.#....# #
.........................#
###..............####....#


You could see a boulder beetle (rolling).

Vanquished Creatures
  A two-headed ogre (D:8)
  Pikel (D:7)
  A manticore (D:6)
  Grinder (D:6)
  3 yaks (D:6)
  A vampire (D:7)
  A wyvern (D:7)
  2 steam dragons
  A water moccasin (D:5)
  An ice beast (D:6)
  An orc warrior (D:8)
  3 sky beasts (D:7)
  An ogre (D:7)
  6 wolves (Bailey)
  2 centaurs (D:7)
  3 lemures (D:7)
  A phantom (D:5)
  9 gnoll sergeants
  2 bullfrogs (D:6)
  2 scorpions
  2 necrophages
  6 wights
  A jelly (D:7)
  5 gnoll boudas (Bailey)
  4 hounds
  3 orc priests (D:7)
  2 iguanas
  Terence (D:2)
  Ijyb (D:4)
  4 orc wizards
  Robin (D:3)
  26 gnolls
  10 adders
  3 river rats (D:3)
  2 white imps
  2 ufetubi
  3 worms
  3 dart slugs
  16 orcs
  5 ball pythons
  6 bats
  5 endoplasms
  3 giant cockroaches
  12 goblins
  10 hobgoblins
  7 kobolds
  3 quokkas
  4 frilled lizards
  10 rats
203 creatures vanquished.

Vanquished Creatures (collateral kills)
  A wolf (Bailey)
  A gnoll bouda (Bailey)
  A gnoll (Bailey)
3 creatures vanquished.

Vanquished Creatures (others)
  87 fulminant prisms
  7 fungi (D:7)
  4 plants (D:7)
98 creatures vanquished.

Grand Total: 304 creatures vanquished

Notes
Turn   | Place    | Note
-------+----------+-------------------------------------------
     0 | D:1      | mandoloar the Deep Elf Conjurer began the quest for the
                  | Orb.
     0 | D:1      | Reached XP level 1. HP: 10/10 MP: 6/6
   353 | D:1      | Got Fyecka's Secrets of Composition
   374 | D:1      | Reached XP level 2. HP: 14/15 MP: 4/8
   703 | D:1      | Learned a level 2 spell: Searing Ray
   815 | D:1      | Found a faded altar of an unknown god.
   858 | D:1      | Prayed at the altar of an unknown god.
   858 | D:1      | Became a worshipper of Vehumet
   858 | D:1      | Reached * piety under Vehumet
   858 | D:1      | Offered knowledge of Sandblast by Vehumet.
  1167 | D:2      | Found Zufiemegu's General Store.
  1191 | D:2      | Reached skill level 4 in Spellcasting
  1253 | D:2      | Reached skill level 5 in Conjurations
  1253 | D:2      | Reached XP level 3. HP: 19/19 MP: 4/10
  1638 | D:2      | You fall into a shaft and drop 2 floors!
  1643 | D:4      | Noticed Ijyb
  2042 | D:4      | Reached XP level 4. HP: 24/24 MP: 8/12
  2085 | D:4      | Learned a level 4 spell: Fulminant Prism
  2090 | D:4      | Learned a level 4 spell: Iskenderun's Mystic Blast
  2230 | D:3      | Noticed Robin
  2233 | D:3      | Killed Robin
  2234 | D:3      | Offered knowledge of Poisonous Vapours by Vehumet.
  2235 | D:3      | Reached ** piety under Vehumet
  2238 | D:3      | Reached skill level 5 in Spellcasting
  2344 | D:3      | Found a shimmering altar of Xom.
  2549 | D:3      | Found an opulent altar of Gozag.
  2785 | D:3      | Reached XP level 5. HP: 25/28 MP: 10/14
  3229 | D:2      | Noticed Terence
  3243 | D:2      | Killed Terence
  3244 | D:2      | Reached skill level 6 in Spellcasting
  4729 | D:4      | Killed Ijyb
  4730 | D:4      | Reached XP level 6. HP: 32/32 MP: 10/17
  4836 | D:5      | Entered Level 5 of the Dungeon
  4840 | D:5      | Reached skill level 1 in Hexes
  4956 | D:5      | Reached skill level 1 in Translocations
  5026 | D:5      | Noticed a water moccasin
  5391 | D:5      | Found a snail-covered altar of Cheibriados.
  5398 | D:5      | Noticed Grinder
  5408 | D:5      | Paralysed by Grinder for 3 turns
  5539 | D:6      | Noticed a yak
  5539 | D:6      | Noticed a yak
  5581 | D:6      | Noticed a yak
  5584 | D:6      | Killed a yak
  5585 | D:6      | Reached skill level 7 in Spellcasting
  5585 | D:6      | Reached XP level 7. HP: 25/36 MP: 12/19
  5590 | D:6      | Killed a yak
  5593 | D:6      | Killed a yak
  5799 | D:6      | Killed Grinder
  5800 | D:6      | Reached skill level 8 in Spellcasting
  5800 | D:6      | Reached XP level 8. HP: 15/41 MP: 19/22
  5928 | D:5      | Found a staircase to the Ecumenical Temple.
  5938 | Temple   | Entered the Ecumenical Temple
  6147 | D:5      | Found a bloodstained altar of Trog.
  6216 | D:5      | Reached skill level 5 in Hexes
  6216 | D:5      | Offered knowledge of Frozen Ramparts by Vehumet.
  7570 | D:6      | Found a shimmering blue altar of Sif Muna.
  7729 | D:6      | Reached skill level 9 in Spellcasting
  7729 | D:6      | Reached skill level 5 in Translocations
  8314 | D:6      | Found an ancient bone altar of Kikubaaqudgha.
  8314 | D:6      | Found a shadowy altar of Dithmenos.
  8356 | D:6      | Noticed a manticore
  8370 | D:6      | Found a broken altar of Ashenzari.
  8406 | D:6      | Killed a manticore
  8407 | D:6      | Reached XP level 9. HP: 45/45 MP: 7/24
  8621 | D:6      | Found a sparkling altar of Nemelex Xobeh.
  8909 | D:7      | Reached *** piety under Vehumet
 10243 | D:7      | Found a blossoming altar of Fedhas.
 10282 | D:7      | Noticed Pikel
 10289 | D:7      | Killed Pikel
 10290 | D:7      | Reached skill level 1 in Fighting
 10290 | D:7      | Reached skill level 10 in Spellcasting
 11236 | D:7      | Reached XP level 10. HP: 53/53 MP: 20/26
 11884 | D:8      | Noticed a two-headed ogre
 11901 | D:8      | Killed a two-headed ogre
 12111 | D:8      | Reached skill level 5 in Stealth
 12115 | D:8      | Identified the +6 halberd of the Extremes {flame, rElec
                  | Dex+3}
 12122 | D:8      | Offered knowledge of Airstrike by Vehumet.
 12299 | D:8      | Found a flagged portal.
 12311 | Bailey   | Entered a bailey
 12506 | Bailey   | Reached skill level 5 in Dodging
 12750 | Bailey   | Reached **** piety under Vehumet
 12751 | Bailey   | Reached skill level 11 in Spellcasting
 12790 | Bailey   | Reached skill level 10 in Conjurations
 12948 | Bailey   | Offered knowledge of Lightning Bolt by Vehumet.
 13211 | Bailey   | Identified the ring "Refevuh" {rPois rN+}
 13720 | D:8      | Noticed a boulder beetle
 13932 | D:8      | Annihilated by a boulder beetle

Illustrated notes

Levels and vault maps discovered:
D:1:      scummos_arrival_star, layout_basic, chequers_ecumenical_altar_simple
D:2:      layout_loops_cross, serial_shops, nicolae_shop_statue_plus,
          uniq_terence
D:3:      layout_loops_ring, mainiacjoe_overflow_catwalk, xom_confusion_cloud,
          lightli_sewer_entry_pipes, uniq_robin
D:4:      layout_cave_pods, uniq_ijyb
D:5:      layout_basic, kennysheep_mini_moat, cheibriados_altar_1,
          temple_fountains, kennysheep_generic_room_6, uniq_grinder
D:6:      layout_loops_corners, nicolae_sif_muna_condensation,
          gammafunk_temple_overflow_wave, mainiacjoe_overflow_two_lobes
D:7:      layout_loops_ring, fedhas_altar_3, hangedman_decor_push,
          mrwooster_statue_mirror, uniq_pikel
D:8:      gammafunk_indiana_jones, layout_basic, tso_altar, enter_bailey_2,
          uniq_maggie
Temple:   kb_temple_of_zot

Skill      XL: |  1  2  3  4  5  6  7  8  9 10 |
---------------+-------------------------------+-----
Spellcasting   | 4 5 6 7 8 9 10 11 | 11.2
Conjurations   | 5 6 7 8 9 10 | 10.1
Hexes          | 3 4 6 7 |  7.0
Translocations | 2 4 5 6 7 |  7.0
Stealth        | 4 6 |  6.1
Dodging        | 4 5 |  5.6
Fighting       | 2 3 |  3.3

Action                     |  1- 3 |  4- 6 |  7- 9 | 10-12 || total
---------------------------+-------+-------+-------+-------++-------
  Melee: Halberd           |       |       |       |     2 ||     2
  Throw: Dart              |       |       |       |    13 ||    13
   Cast: Magic Dart        |    77 |    63 |    26 |    33 ||   199
         Searing Ray       |       |    21 |     8 |     2 ||    31
         Fulminant Prism   |       |     3 |    42 |    43 ||    88
         Iskenderun's Myst |       |       |    33 |    26 ||    59
  Evoke: Wand              |       |       |       |    10 ||    10
    Use: Scroll            |     6 |     2 |     8 |     4 ||    20
         Potion            |       |       |     1 |     2 ||     3
 Armour: Robe              |     2 |    20 |     1 |       ||    23
         Steam dragon scal |       |       |    14 |    16 ||    30
  Dodge: Dodged            |     9 |    33 |    28 |    65 ||   135

Table legend: (Time is in decaauts)
 A = Elapsed time spent in this place.
 B = Non-inter-level travel time spent in this place.
 C = Inter-level travel time spent in this place.
 D = Time resting spent in this place.
 E = Time spent auto-exploring this place.
 F = Levels seen in this place.
 G = Mean time per level.
                   A        B        C        D        E       F      G
               +--------+--------+--------+--------+--------+-----+--------+
         Total |  13978 |  13223 |    755 |   6057 |   5404 |  10 | 1397.8 |
       Dungeon |  12523 |  11784 |    739 |   5245 |   5102 |   8 | 1565.4 |
        Temple |    108 |     92 |     16 |      0 |     87 |   1 |  108.0 |
        Bailey |   1345 |   1345 |      0 |    812 |    215 |   1 | 1345.0 |
               +--------+--------+--------+--------+--------+-----+--------+

Top non-repeatable levels by time:
     D:6: 2738 daAuts
     D:7: 2221 daAuts
     D:5: 1726 daAuts
     D:4: 1633 daAuts
  Bailey: 1345 daAuts
     D:3: 1268 daAuts
     D:1: 1133 daAuts
     D:2: 1077 daAuts
     D:8: 726 daAuts
  Temple: 108 daAuts
